 Dungeon Crawl Stone Soup version 0.22.1-2-g9c5b331 (webtiles) character file.

105 Tiagovsky the Firebug (level 4, -3/36 HPs)
             Began as a Draconian Fire Elementalist on Dec 27, 2018.
             Slain by a crocodile (16 damage)
             ... in a sewer.
             The game lasted 00:20:41 (2458 turns).

Tiagovsky the Firebug (Draconian Fire Elementalist) Turns: 2458, Time: 00:20:43

Health: -3/36      AC:  5    Str: 10    XL:     4   Next: 54%
Magic:  8/8        EV: 12    Int: 17    God:
Gold:   114        SH:  0    Dex: 11    Spells: 2/8 levels left

rFire    . . .     SeeInvis .   j - +0 hunting sling
rCold    . . .     Gourm    .   (no shield)
rNeg     . . .     Faith    .   (armour unavailable)
rPois    .         Spirit   .   (helmet restricted)
rElec    .         Reflect  .   (no cloak)
rCorr    .         Harm     .   (no gloves)
MR       .....                  (no boots)
Stlth    ++........             (no amulet)
HPRegen  0.12/turn              (no ring)
MPRegen  0.11/turn              (no ring)

@: no status effects
A: unfitting armour, cold-blooded, AC +5
a: no special abilities


You were in a sewer.
You were not hungry.

You visited 1 branch of the dungeon, and saw 3 of its levels.
You also visited: Sewer.

You collected 114 gold pieces.

Inventory:

Hand Weapons
 f - a +1 mace of draining
 j - a +0 hunting sling (weapon)
 k - a +1 dagger of pain
 s - a +2 short sword of venom
Missiles
 d - 105 stones
 h - 12 sling bullets (quivered)
 n - 19 arrows
 o - 17 poisoned needles
Jewellery
 e - a cursed ring of teleportation {unknown}
Scrolls
 i - 2 scrolls of identify
 m - a scroll of teleportation {unknown}
 r - a scroll of enchant armour {unknown}
 t - a scroll of fear {unknown}
Potions
 a - a potion of might {unknown}
 g - 4 potions of brilliance
 p - a potion of haste {unknown}
 q - 2 potions of berserk rage {unknown}
 u - a potion of blood
Comestibles
 b - 6 rations


   Skills:
 + Level 2.1 Fighting
 + Level 1.7 Slings
 - Level 1.7 Dodging
 - Level 1.7 Stealth
 + Level 2.8 Spellcasting
 - Level 1.0 Conjurations
 + Level 3.7 Fire Magic


You had 2 spell levels left.
You knew the following spells:

 Your Spells              Type           Power        Failure   Level  Hunger
a - Flame Tongue          Conj/Fire      ##...        7%          1    #......
b - Throw Flame           Conj/Fire      ##....       11%         2    ##.....
c - Conjure Flame         Conj/Fire      ##......     21%         3    ###....

Your spell library contained the following spells:

 Spells                   Type           Power        Failure   Level  Hunger
 Inner Flame              Hex/Fire       #.......     26%         3    ###....
 Sticky Flame             Conj/Fire      ##......     56%         4    #####..
 Fireball                 Conj/Fire      ##........   88%         5    ######.


Dungeon Overview and Level Annotations

Branches:
Dungeon (3/15)

Altars:
Xom


Innate Abilities, Weirdness & Mutations

Your plain brown scales are hard. (AC +5)
You cannot fit into any form of body armour.
You are cold-blooded and may be slowed by cold attacks.


Message History

The crocodile barely misses you.
Found a scroll labeled MIKKUPTASK.
The crocodile misses you. The crocodile closely misses you.
Found a murky orange potion.
You enter the shallow water.
Moving in this stuff is going to be slow.
The crocodile bites you!!
Ouch! That really hurt!
The crocodile closely misses you.
You see here 13 gold pieces.
The crocodile barely misses you.
You see here 13 gold pieces.
The crocodile barely misses you.
You see here 19 gold pieces.
The crocodile bites you.
You see here 13 gold pieces.
You now have 114 gold pieces (gained 13).
The crocodile bites you!
You die...

#...# ...#
##.≈###..#
#..≈#...#
##.≈≈..#
#≈....#
##...##
#..≈###
#!.#.#t$#
#?(#.#$@#
#########


You could see a crocodile.

Vanquished Creatures
  3 adders
  2 worms (D:2)
  2 dart slugs
  4 leopard geckos
  9 giant cockroaches
  6 hobgoblins
  5 jackals
  5 kobolds
  A quokka (D:2)
  7 bats
  9 goblins
  6 rats
59 creatures vanquished.

Notes
Turn   | Place    | Note
-------+----------+-------------------------------------------
     0 | D:1      | Tiagovsky the Draconian Fire Elementalist began the quest
                  | for the Orb.
     0 | D:1      | Reached XP level 1. HP: 14/14 MP: 3/3
   362 | D:1      | Reached XP level 2. HP: 20/22 MP: 3/5
   485 | D:1      | Learned a level 2 spell: Throw Flame
   513 | D:1      | Reached skill level 1 in Fighting
   930 | D:2      | Reached skill level 1 in Slings
  1002 | D:2      | Reached XP level 3. HP: 28/28 MP: 6/6
  1064 | D:2      | Learned a level 3 spell: Conjure Flame
  1880 | D:3      | Reached XP level 4. HP: 36/36 MP: 7/7
  1990 | D:3      | Found a shimmering altar of Xom.
  2168 | D:3      | Found a glowing drain.
  2198 | Sewer    | Entered a sewer
  2443 | Sewer    | Noticed a crocodile
  2458 | Sewer    | Slain by a crocodile

Skill      XL: |  1  2  3  4 |
---------------+-------------+-----
Fighting       | 1 2 |  2.1
Slings         | 1 |  1.7
Dodging        | |  1.7
Stealth        | |  1.7
Spellcasting   | |  2.8
Conjurations   | |  1.0
Fire Magic     | |  3.7

Action                   |  1- 3 |  4- 6 || total
-------------------------+-------+-------++-------
 Fire: Hunting sling     |    51 |    17 ||    68
 Cast: Flame Tongue      |    41 |    27 ||    68
       Conjure Flame     |       |     1 ||     1
  Use: Scroll            |       |     2 ||     2
  Eat: Chunk             |     3 |     2 ||     5
Armor: Skin              |     6 |     8 ||    14
Dodge: Dodged            |    19 |    42 ||    61
